Map: Ever Dream LE

Players

PtitDrogo

  • Race: Protoss Protoss
  • League: Grandmaster
  • Spawn Location: 1:00

liquidthermy (uThermal) - Winner!

  • Race: Terran Terran
  • Spawn Location: 7:00

Event: DreamHack SC2 Masters 2020 Summer Europe

VOD

Have the link to the VOD?

Description

Time

  • Played on: July 5, 2020, 11:29 a.m.
  • Length: 7:41

All games in this series

Show
View Real Time Build Order
Export as new Build Order

PtitDrogo Protoss 

Build Orders: 1 Gate Expand, Blink Stalkers 

Get SALT Encoding   

  12  0:00  Probe  
  13  0:12  Probe  
  14  0:17  Pylon  
  14  0:24  Probe  
  15  0:33  Probe  
  15  0:35  Gateway  
  15  0:41  Probe  
  16  0:46  Assimilator  
  17  0:51  Probe  
  18  1:03  Probe  
  19  1:15  Probe  
  20  1:22  Cybernetics Core  
  20  1:32  Nexus  
  20  1:39  Pylon  
  20  1:41  Probe  
  21  1:49  Stalker  
  21  1:53  Assimilator, Probe  
  21  1:54  Warp Gate  
  24  2:05  Probe  
  25  2:17  Probe  
  25  2:20  Stalker  
  28  2:32  Probe  
  28  2:35  Gateway  
  29  2:40  Twilight Council  
  29  2:44  Probe x2  
  31  2:52  Probe  
  31  2:55  Stalker  
  33  2:59  Probe  
  33  3:02  Probe  
  33  3:03  Shield Battery  
  34  3:08  Probe  
  36  3:13  Probe  
  36  3:16  Probe  
  37  3:20  Blink  
  37  3:25  Probe  
  39  3:28  Probe  
  39  3:30  Pylon  
  40  3:37  Probe  
  41  3:41  Stalker  
  41  3:42  Stalker  
  41  3:45  Pylon  
  45  3:53  Pylon  
  35  4:03  Probe x2  
  35  4:08  Stalker x2  
  40  4:12  Probe  
  40  4:16  Probe  
  42  4:20  Probe  
  43  4:28  Probe  
  43  4:29  Probe  
  44  4:31  Robotics Facility  
  45  4:40  Probe  
  45  4:42  Probe  
  47  4:52  Probe  
  48  4:54  Probe  
  49  5:03  Nexus  
  49  5:04  Probe  
  49  5:06  Probe  
  51  5:07  Pylon  
  51  5:12  Observer  
  51  5:16  Probe  
  51  5:18  Probe  
  54  5:22  Forge  
  54  5:28  Probe  
  54  5:30  Stalker x2, Probe  
  54  5:34  Gateway  
  54  5:35  Gateway  
  60  5:38  Gateway  
  60  5:41  Probe  
  60  5:42  Probe  
  61  5:53  Probe  
  60  5:58  Probe  
  61  6:05  Probe  
  61  6:07  Stalker  
  61  6:08  Stalker  
  61  6:10  Assimilator  
  61  6:11  Immortal  
  69  6:14  Assimilator  
  59  6:34  Stalker x3  
  60  6:40  Immortal  
  60  6:41  Probe  
  60  6:42  Probe  
  61  6:48  Zealot  
  61  6:50  Probe  
  68  6:54  Probe  
  68  6:58  Zealot x3  
  73  7:08  Stalker  
  61  7:11  Probe x2  
  59  7:22  Stalker x2  
  51  7:30  Stalker  
  51  7:32  Stalker  
Show
View Real Time Build Order
Export as new Build Order

liquidthermy Terran - Winner!

Build Orders: 1/1/1 

Get SALT Encoding   

  12  0:01  SCV  
  13  0:13  SCV  
  14  0:17  Supply Depot  
  14  0:26  SCV  
  14  0:28  Refinery  
  15  0:38  SCV  
  16  0:44  Barracks  
  16  0:51  SCV  
  16  0:56  Supply Depot  
  17  1:03  SCV  
  18  1:15  SCV  
  19  1:31  Orbital Command, Marine  
  20  1:34  Factory  
  20  1:49  Marine  
  21  1:57  SCV  
  22  2:06  Marine  
  23  2:10  SCV  
  23  2:13  Supply Depot  
  24  2:18  Starport, Hellion  
  24  2:22  SCV  
  27  2:24  Marine  
  28  2:34  SCV  
  29  2:39  Hellion  
  29  2:41  Refinery  
  29  2:42  Marine  
  32  2:46  SCV  
  33  2:54  Medivac  
  36  3:01  Barracks Reactor, Hellion  
  38  3:08  Command Center  
  37  3:15  Supply Depot  
  37  3:17  SCV  
  38  3:22  Factory Tech Lab  
  38  3:24  Starport Tech Lab  
  38  3:29  SCV  
  38  3:34  Barracks  
  39  3:39  Marine x2  
  41  3:45  Siege Tank  
  44  3:56  Marine  
  41  4:03  Marine  
  41  4:05  Banshee  
  40  4:10  Barracks  
  40  4:14  Marine  
  40  4:21  Orbital Command  
  40  4:23  Marine  
  42  4:30  Siege Tank  
  43  4:33  Marine  
  43  4:34  Marine  
  45  4:39  SCV  
  45  4:41  Marine  
  47  4:51  Marine, Banshee  
  47  4:52  Marine  
  52  4:56  SCV  
  52  4:59  Marine  
  54  5:02  Siege Tank  
  54  5:03  Marine  
  58  5:07  Supply Depot  
  58  5:08  SCV  
  58  5:11  Marine  
  58  5:12  Marine  
  61  5:17  Marine  
  62  5:24  Supply Depot  
  62  5:29  Marine x2  
  62  5:30  Marine  
  62  5:34  Marine, Banshee  
  69  5:46  Siege Tank, Marine x2  
  69  5:48  Marine  
  75  5:52  Marine  
  76  5:58  Supply Depot  
  76  6:04  Marine x2  
  76  6:06  Marine  
  76  6:10  Marine  
  74  6:22  Marine x2  
  73  6:27  Banshee  
  73  6:28  Marine x2  
  77  6:34  Bunker  
  77  6:40  Marine  
  77  6:41  Siege Tank  
  77  6:45  Marine  
  77  6:46  Marine  
  83  6:49  Marine  
  80  6:58  Marine  
  76  7:03  Marine  
  76  7:04  Marine  
  76  7:07  Marine  
  66  7:15  Marine  
  66  7:21  Marine x2  
Tags
 
Add a new tag
Caveats
  • Supply blocks, unpowered buildings, or Contaminate may cause inaccurate times.
  • Supply counts are checked every 10 seconds.